 Dungeon Crawl Stone Soup version 0.25-a0-435-g4b9beb1 (webtiles) character file.

Game seed: 16175480047005998577, levelgen mode: deterministic

91 southernslant the Poker (level 4, -3/35 HPs)
             Began as a Merfolk Gladiator on Jan 29, 2020.
             Slain by a gnoll
             ... wielding a +0 whip
              (8 damage)
             ... on level 2 of the Dungeon.
             The game lasted 00:02:10 (1216 turns).

southernslant the Poker (Merfolk Gladiator)         Turns: 1216, Time: 00:02:11

Health: -3/35      AC:  4    Str: 15    XL:     4   Next: 57%
Magic:  4/4        EV: 14    Int:  7    God:
Gold:   27         SH:  0    Dex: 15    Spells: 3/3 levels left

rFire    . . .     SeeInvis .   a - +0 trident
rCold    . . .     Gourm    .   (no shield)
rNeg     . . .     Faith    .   b - +0 leather armour
rPois    .         Spirit   .   c - +0 helmet
rElec    .         Reflect  .   (no cloak)
rCorr    .         Harm     .   (no gloves)
MR       .....                  (no boots)
Stlth    +.........             (no amulet)
HPRegen  0.11/turn              (no ring)
MPRegen  0.09/turn              (no ring)

@: no status effects
A: change form in water, swift swim, stealthy swim
a: no special abilities


You were on level 2 of the Dungeon.
You were not hungry.

You visited 1 branch of the dungeon, and saw 2 of its levels.

You collected 27 gold pieces.

Inventory:

Hand Weapons
 a - a +0 trident (weapon)
Missiles
 d - 3 throwing nets (quivered)
Armour
 b - a +0 leather armour (worn)
 c - a +0 helmet (worn)
Jewellery
 l - an uncursed ring of wizardry {unknown}
Scrolls
 h - a scroll of immolation {unknown}
 i - 2 scrolls of identify {unknown}
 j - a scroll of remove curse {unknown}
 m - a scroll of teleportation {unknown}
Potions
 e - a potion of haste {unknown}
 k - 2 potions of curing {unknown}
Comestibles
 f - 3 rations
 g - 7 chunks of flesh


   Skills:
 * Level 3.4 Fighting
 + Level 5.1 Polearms
 + Level 2.5 Throwing
 * Level 5.1 Dodging


You had 3 spell levels left.
You didn't know any spells.
Your spell library was empty.

Dungeon Overview and Level Annotations

Branches:
Dungeon (2/15)

Altars:


Message History

You are too injured to fight recklessly!
You closely miss the gnoll.
The gnoll is heavily wounded.
The gnoll hits you but does no damage.
You hit the gnoll.
The gnoll is severely wounded.
The gnoll hits you.
You hit the gnoll but do no damage.
The gnoll is severely wounded.
The gnoll hits you!
* * * LOW HITPOINT WARNING * * *
You completely miss the gnoll.
The gnoll is severely wounded.
The gnoll barely misses you.
You puncture the gnoll!
You kill the gnoll!
You puncture the gnoll!
The gnoll is severely wounded.
The gnoll hits you with a +0 whip!
You die...

#.# #.#
.#######.###############.#
.........†.............>.#
.####.##################.#
#.# #....# #.# #.#
##....###.# #.#
#.........# #.#
#.######### ... #.# #@#
....# #.# #g# #######....#
#.# #.# #..........# #.#
#.# #.......... #.#
#.###........# #.#
#............# #.#
#...g..g.....# #.#
#......g.....# #.#
#....#####.....#


You could see a gnoll.

Vanquished Creatures
  Robin (D:2)
  2 gnolls (D:2)
  An adder (D:2)
  A worm (D:2)
  4 leopard geckos (D:1)
  6 bats
  3 giant cockroaches
  7 goblins
  3 hobgoblins
  5 kobolds (D:1)
  A quokka (D:2)
  A ball python (D:2)
  8 rats
43 creatures vanquished.

Notes
Turn   | Place    | Note
-------+----------+-------------------------------------------
     0 | D:1      | southernslant the Merfolk Gladiator began the quest for the
                  | Orb.
     0 | D:1      | Reached XP level 1. HP: 16/16 MP: 1/1
   168 | D:1      | Reached XP level 2. HP: 20/23 MP: 2/2
   700 | D:1      | Reached XP level 3. HP: 28/28 MP: 3/3
   981 | D:2      | Noticed Robin
  1008 | D:2      | Killed Robin
  1049 | D:2      | Reached XP level 4. HP: 23/35 MP: 4/4
  1100 | D:2      | Reached skill level 5 in Dodging
  1148 | D:2      | Reached skill level 5 in Polearms
  1216 | D:2      | Slain by a gnoll

Levels and vault maps discovered:
D:1:      dpeg_arrival_stone_temple_mockup, layout_basic, minmay_pentomino_r2
D:2:      layout_basic, minmay_randomly_rotated_circles, uniq_robin,
          uniq_jessica, uniq_natasha

Skill      XL: |  1  2  3  4 |
---------------+-------------+-----
Fighting       | 3 |  3.4
Dodging        | 5 |  5.1
Polearms       | 5 |  5.1
Throwing       | |  2.5

Action                   |  1- 3 |  4- 6 || total
-------------------------+-------+-------++-------
Melee: Trident           |    97 |    52 ||   149
  Eat: Chunk             |       |     1 ||     1
Armor: Leather armour    |    20 |    12 ||    32
Dodge: Dodged            |    58 |    27 ||    85

Table legend:
 A = Non-vault XP
 B = Vault XP
 C = Vault XP percentage of total XP
 D = Non-vault monster count
 E = Vault monster count
 F = Vault count percentage of total count
                 A         B        C        D         E       F
            +---------+---------+-------+---------+---------+-------
      Total |      99 |      31 |  23.8 |      34 |       9 |  20.9
            +---------+---------+-------+---------+---------+-------
        D:1 |      33 |       4 |  10.8 |      18 |       2 |  10.0
        D:2 |      66 |      27 |  29.0 |      16 |       7 |  30.4
            +---------+---------+-------+---------+---------+-------
